 Dungeon Crawl Stone Soup version 0.26-a0-540-g8a0c9464d7 (webtiles) character file.

Game seed: 16530573638580293393

3 Apogee the Sneak (level 1, -4/20 HPs)
             Began as a Hill Orc Delver on Aug 18, 2020.
             Slain by a worm (9 damage)
             ... on level 4 of the Dungeon.
             The game lasted 00:00:32 (60 turns).

Apogee the Sneak (Hill Orc Delver)                    Turns: 60, Time: 00:00:32

Health: -4/20      AC:  3    Str: 14    XL:     1   Next: 50%
Magic:  1/1        EV: 11    Int: 10    God:
Gold:   0          SH:  0    Dex: 12    Spells: 0/0 levels left

rFire    . . .     SeeInvis .   a - +0 hand axe
rCold    . . .     Faith    .   (no shield)
rNeg     . . .     Spirit   .   b - +0 leather armour
rPois    .         Reflect  .   (no helmet)
rElec    .         Harm     .   (no cloak)
rCorr    .                      (no gloves)
MR       .....                  (no boots)
Stlth    ++........             (no amulet)
HPRegen  0.06/turn              (no ring)
MPRegen  0.07/turn              (no ring)

@: hasted, very quick
A: no striking features
a: no special abilities


You were on level 4 of the Dungeon.
You visited 1 branch of the dungeon, and saw 2 of its levels.

Inventory:

Hand Weapons
 a - a +0 hand axe (weapon)
Armour
 b - a +0 leather armour (worn)
Wands
 v - a wand of digging (3)
Scrolls
 c - a scroll of fog
 d - a scroll of magic mapping
 e - a scroll of fear


   Skills:
 + Level 3.7 Fighting
 * Level 2.9 Axes
 - Level 1.5 Dodging
 + Level 4.1 Stealth


You couldn't memorise any spells.
You didn't know any spells.
Your spell library was empty.

Dungeon Overview and Level Annotations

Branches:
Dungeon (5/15)
 Temple: D:4-7

Altars:


Message History

There is a stone staircase leading down here.
Found a scroll labeled TAVIMA PILUSHRIRO.
The leopard gecko hisses angrily.
The leopard gecko misses you.
You see here 17 gold pieces.
You closely miss the leopard gecko. The leopard gecko barely misses you.
You barely miss the leopard gecko. The leopard gecko closely misses you.
The leopard gecko bites you.
You barely miss the leopard gecko. The leopard gecko bites you.
Your leather armour prevents you from hitting the leopard gecko.
The leopard gecko barely misses you.
You barely miss the leopard gecko. The leopard gecko barely misses you.
The leopard gecko bites you but does no damage.
You hit the leopard gecko.
You kill the leopard gecko!
You start resting.
A quokka comes into view.
You see here 17 gold pieces.
The quokka barely misses you.
You barely miss the quokka. The quokka bites you. x2
* * * LOW HITPOINT WARNING * * *
You hit the quokka. The quokka closely misses you.
You barely miss the quokka.
The quokka bites you but does no damage.
You hit the quokka but do no damage. The quokka completely misses you.
The quokka bites you.
* * * LOW HITPOINT WARNING * * *
You completely miss the quokka. The quokka closely misses you.
You barely miss the quokka. The quokka closely misses you.
The quokka barely misses you.
There is a stone staircase leading down here.
The quokka misses you.
Found a whip and a yellow potion.
The worm bites you but does no damage. The worm bites you but does no damage.
The quokka bites you but does no damage.
You see here a whip.
The quokka barely misses you. The quokka barely misses you.
You feel yourself speed up.
The quokka bites you but does no damage.
You hit the quokka but do no damage. You barely miss the quokka.
The quokka barely misses you.
You hit the quokka.
You kill the quokka!
You see here a quokka corpse.
You hit the worm. You hit the worm. You hit the worm. The worm bites you!
You die...

..............
#..?........... #
##..............
.#.#............$..
...................
...................
....###.......[......
.... ###..$.........
.....##...w@.........
#....###..>....>..
####...####.#####.#
.......!)w...#
#####...##...#
#..#..#.#.##..#
#...##.........#
#.###..........# #..
#......#####


You could see a worm.

Vanquished Creatures
  A leopard gecko (D:4)
  A quokka (D:4)
2 creatures vanquished.

Notes
Turn   | Place    | Note
-------+----------+-------------------------------------------
     0 | D:5      | Apogee the Hill Orc Delver began the quest for the Orb.
     0 | D:5      | Reached XP level 1. HP: 19/19 MP: 1/1
    60 | D:4      | Slain by a worm

Illustrated notes

Levels and vault maps discovered:
D:4:      layout_rooms, grunt_gozag_statues
D:5:      layout_loops_cross, kennysheep_little_box,
          nicolae_dithmenos_the_darkroom, uniq_ijyb

Action                   || total
-------------------------++-------
Melee: Hand axe          ||    18
  Use: Potion            ||     1
Armor: Leather armour    ||     6
Dodge: Dodged            ||    15

Table legend: (Time is in decaauts)
 A = Elapsed time spent in this place.
 B = Non-inter-level travel time spent in this place.
 C = Inter-level travel time spent in this place.
 D = Time resting spent in this place.
 E = Time spent auto-exploring this place.
 F = Levels seen in this place.
 G = Mean time per level.
                   A        B        C        D        E       F      G
               +--------+--------+--------+--------+--------+-----+--------+
         Total |     59 |     59 |      0 |      4 |      0 |   2 |   29.5 |
       Dungeon |     59 |     59 |      0 |      4 |      0 |   2 |   29.5 |
               +--------+--------+--------+--------+--------+-----+--------+

Top non-repeatable levels by time:
     D:4: 53 daAuts
     D:5: 6 daAuts
